 Dungeon Crawl Stone Soup version 0.30-a0-996-ga6910c8ee8 (webtiles) character file.

Game seed: 223845650564681362

4599 OrthodoxDeviant the Fighter (level 10, -5/130 HPs)
             Began as a Demonspawn Berserker on Apr 4, 2023.
             Was a Priest of Trog.
             Slain by a gnoll bouda
             ... wielding a +0 halberd
              (12 damage)
             ... in a bailey.
             The game lasted 00:22:22 (9136 turns).

OrthodoxDeviant the Fighter (Demonspawn Berserker)  Turns: 9136, Time: 00:22:23

Health: -5/130     AC: 12    Str: 22    XL:     10   Next: 19%
Magic:  10/10      EV:  7    Int:  8    God:    Trog [***...]
Gold:   335        SH:  0    Dex: 13    Spells: 9/9 levels left

rFire   + . .      SeeInvis .    a - +0 war axe
rCold   . . .      Faith    .    (no shield)
rNeg    . . .      Spirit   .    g - +0 plate armour
rPois   .          Reflect  .    z - +0 helmet
rElec   .          Rampage  .    (no cloak)
rCorr   .                        A - +0 pair of gloves
Will    +....                    (no boots) Stlth
                                 (no amulet)
HPRegen 0.41/turn                r - ring of protection from fire
MPRegen 0.12/turn                C - ring of willpower

@: mighty, berserking (expiring), very quick
A: powered by pain 2, sturdy frame 1, demonic touch 1
a: Renounce Religion, Berserk, Trog's Hand


You were in a bailey.
You worshipped Trog.
Trog was most pleased with you.
You visited 1 branch of the dungeon, and saw 8 of its levels.
You also visited: Bailey.

You collected 335 gold pieces.

Inventory:

Hand Weapons
 a - a +0 war axe (weapon)
 o - the +5 spear of Wondrous Power {spect, rElec Str+3 Dex+4}
   (You took it off a kobold on level 2 of the Dungeon)

   Str:       It affects your strength (+3).
   Dex:       It affects your dexterity (+4).
   rElec:     It insulates you from electricity.
Missiles
 c - 10 javelins (quivered)
 f - 6 curare-tipped darts
 G - 2 boomerangs
 J - 8 throwing nets
Armour
 g - a +0 plate armour (worn)
 z - a +0 helmet (worn)
 A - a +0 pair of gloves (worn)
Jewellery
 i - a ring of fire
 n - a ring of ice
 r - a ring of protection from fire (left hand)
 C - a ring of willpower (right hand)
Wands
 u - a wand of light (12)
 x - a wand of flame (37)
 D - a wand of polymorph (6)
Scrolls
 b - a scroll of butterflies {unknown}
 d - 3 scrolls of poison
 e - 2 scrolls of amnesia
 l - a scroll of vulnerability
 p - 4 scrolls of enchant armour
 q - a scroll of immolation
 s - a scroll of fear
 v - a scroll of silence {unknown}
 y - 2 scrolls of fog
Potions
 h - 5 potions of lignification
 j - a potion of flight
 k - a potion of heal wounds {unknown}
 m - a potion of cancellation {unknown}
 t - a potion of resistance
 w - a potion of ambrosia {unknown}
 B - 2 potions of brilliance
 E - 17 potions of degeneration
 F - a potion of curing {unknown}
 H - a potion of attraction {unknown}
 I - a potion of berserk rage {unknown}


   Skills:
 + Level 11.0 Fighting
 + Level 10.1 Axes
 - Level 1.7 Armour
 - Level 1.7 Dodging


You had 9 spell levels left.
You didn't know any spells.
Your spell library was empty.

Dungeon Overview and Level Annotations

Branches:
Dungeon (8/15)             Temple (0/1) D:6          Bailey (1/1)
   Lair: D:8-11

Altars:
Ashenzari
Dithmenos
Fedhas
Makhleb
Okawaru
Ru
Trog
Vehumet
Xom
Yredelemnul

Portals:
Abyss: D:6

Annotations:
D:5 1 runed translucent door, howech's ghost, amateur MiGl
D:6 2 transporters, PimpSugar's ghost, novice DsHW


Innate Abilities, Weirdness & Mutations

You sometimes gain power by taking damage.
Your movements are slightly less encumbered by armour. (ER -2)
Your touch may inflict minor irresistible damage on your foes.


Message History

You kill the wolf!
Trog accepts your kill. The wolf bites you.
The gnoll sergeant hits you from afar with a +0 glaive!
The wolf bites you but does no damage.
The gnoll bouda hits you from afar with a +0 halberd.
The gnoll bouda closely misses you. Grum hits you with a -1 spear!
* * * LOW HITPOINT WARNING * * *
The gnoll sergeant hits you from afar with a +0 glaive.
* * * LOW HITPOINT WARNING * * *
The gnoll sergeant barely misses you.
Things that are here:
a +0 trident; a throwing net; a +0 scale mail You miss the wolf.
The wolf is almost dead.
You hit the gnoll sergeant. You hit Grum.
The gnoll bouda hits you from afar with a +0 halberd.
* * * LOW HITPOINT WARNING * * *
The gnoll bouda barely misses you.
Unknown command.
You slice Grum!!
Grum is severely wounded.
You barely miss the gnoll sergeant. You closely miss the wolf.
The wolf bites you but does no damage. Grum hits you with a -1 spear.
* * * LOW HITPOINT WARNING * * *
The gnoll sergeant closely misses you.
The gnoll sergeant hits you with a +0 glaive!
* * * LOW HITPOINT WARNING * * *
The wolf bites you but does no damage. The wolf bites you.
* * * LOW HITPOINT WARNING * * *
You slash Grum!
You kill Grum!
Trog accepts your kill.
You hit the gnoll sergeant but do no damage.
You slice the wolf!!
You kill the wolf!
Trog accepts your kill.
You barely miss the wolf. The gnoll bouda closely misses you.
The gnoll bouda hits you from afar with a +0 halberd!
You die...

♣≈.................≈♣
♣≈.######'''######.≈♣
♣≈.#..[.#)..# #.≈♣
♣≈#####'#...#+#####≈♣
♣ #.....#...#.....#≈♣
#8....##'##....8#≈♣
#....##)))##gg..#≈♣
#...##)))..##g)g#≈♣
#...#...)...#@h.#≈♣
#...#...8...#†###
#...#.......#...#
#...##.....##...#
#....##...##....# ♣
#8..))##'##))..8# ♣
♣≈#....)#...#.)...#≈♣
♣≈##...)).).))...##≈♣
♣≈.##...#...#...##.≈♣


You could see 2 gnoll sergeants, a wolf and 2 gnoll boudas.

Vanquished Creatures
  A wyvern (D:8)
  5 yaks (D:8)
  Grum (Bailey)
  2 steam dragons
  A sky beast (D:6)
  2 black bears
  2 orc warriors
  An ice beast (D:5)
  2 centaurs
  An ogre (D:7)
  6 wolves (Bailey)
  7 gnoll sergeants
  4 scorpions
  7 wights (D:6)
  2 howler monkeys
  8 hounds
  2 jellies (D:5)
  3 orc priests
  4 gnoll boudas
  Jessica (D:3)
  3 sleepcaps
  2 iguanas
  2 orc wizards
  25 gnolls
  9 adders
  2 ufetubi
  A worm (D:2)
  2 dart slugs
  16 orcs
  16 ball pythons
  5 endoplasms
  A giant cockroach (D:1)
  5 goblins
  4 hobgoblins
  4 jackals (D:4)
  5 quokkas
  6 frilled lizards
  6 kobolds
  8 rats
184 creatures vanquished.

Vanquished Creatures (others)
  An orc (D:8)
1 creature vanquished.

Grand Total: 185 creatures vanquished

Notes
Turn   | Place    | Note
-------+----------+-------------------------------------------
     0 | D:1      | OrthodoxDeviant the Demonspawn Berserker began the quest
                  | for the Orb.
     0 | D:1      | Reached XP level 1. HP: 18/18 MP: 1/1
   471 | D:1      | Gained mutation: You sometimes gain a little power by
                  | taking damage. [demonic ancestry]
   471 | D:1      | Reached XP level 2. HP: 24/24 MP: 2/2
  1119 | D:2      | Identified the +5 spear of Wondrous Power {spect, rElec
                  | Str+3 Dex+4}
  1491 | D:2      | Found a broken altar of Ashenzari.
  1500 | D:2      | Reached XP level 3. HP: 17/29 MP: 3/3
  2140 | D:3      | Noticed Jessica
  2151 | D:3      | Killed Jessica
  2152 | D:3      | Reached skill level 4 in Fighting
  2309 | D:3      | Reached XP level 4. HP: 36/37 MP: 4/4
  2567 | D:3      | Reached ** piety under Trog
  2938 | D:3      | Found a faded altar of an unknown god.
  3609 | D:4      | Gained mutation: You sometimes gain power by taking damage.
                  | [demonic ancestry]
  3609 | D:4      | Reached XP level 5. HP: 35/43 MP: 5/5
  3840 | D:4      | Reached skill level 5 in Fighting
  3880 | D:4      | Found a radiant altar of Vehumet.
  4064 | D:4      | Found a shimmering altar of Xom.
  4074 | D:4      | Noticed a black bear
  4086 | D:4      | Killed a black bear
  4087 | D:4      | Reached skill level 5 in Axes
  4087 | D:4      | Reached XP level 6. HP: 51/51 MP: 6/6
  4520 | D:5      | Entered Level 5 of the Dungeon
  4586 | D:5      | Noticed an ice beast
  4600 | D:5      | Killed an ice beast
  4671 | D:5      | Found a shadowy altar of Dithmenos.
  4700 | D:5      | Reached skill level 6 in Fighting
  4700 | D:5      | Reached XP level 7. HP: 44/58 MP: 7/7
  5023 | D:5      | Noticed howech's ghost (amateur MiGl)
  5029 | D:5      | Found a runed translucent door.
  5823 | D:6      | Reached skill level 7 in Fighting
  5833 | D:6      | Gained mutation: Your movements are slightly less
                  | encumbered by armour. (ER -2) [demonic ancestry]
  5833 | D:6      | Reached XP level 8. HP: 67/67 MP: 8/8
  6056 | D:6      | Found a staircase to the Ecumenical Temple.
  6325 | D:6      | Found a transporter.
  6422 | D:6      | Reached skill level 8 in Fighting
  6513 | D:6      | Reached *** piety under Trog
  6569 | D:6      | Found a transporter.
  6574 | D:6      | Found a one-way gate to the infinite horrors of the Abyss.
  6579 | D:6      | Noticed PimpSugar's ghost (novice DsHW)
  7355 | D:7      | Gained mutation: Your touch may inflict minor irresistible
                  | damage on your foes. [demonic ancestry]
  7355 | D:7      | Reached XP level 9. HP: 69/75 MP: 9/9
  7361 | D:7      | Reached skill level 9 in Fighting
  7499 | D:7      | Found a sacrificial altar of Ru.
  7501 | D:7      | Found a basalt altar of Yredelemnul.
  7574 | D:7      | Found an iron altar of Okawaru.
  7575 | D:7      | Found a burning altar of Makhleb.
  7579 | D:7      | Found a blossoming altar of Fedhas.
  7580 | D:7      | Found a bloodstained altar of Trog.
  7813 | D:8      | Reached skill level 10 in Fighting
  8004 | D:8      | Found a flagged portal.
  8078 | Bailey   | Entered a bailey
  8485 | Bailey   | Reached XP level 10. HP: 82/86 MP: 10/10
  8637 | Bailey   | Reached skill level 10 in Axes
  9058 | Bailey   | Reached skill level 11 in Fighting
  9122 | Bailey   | Noticed Grum
  9136 | Bailey   | Killed Grum
  9136 | Bailey   | Slain by a gnoll bouda

Illustrated notes

Levels and vault maps discovered:
D:1:      co_arrival_square_in_a_square_in_a_square, layout_basic
D:2:      layout_basic, basic_altar
D:3:      layout_basic, shapermc_ecumenical_altar_totnotflames,
          amethyst_killhole, minmay_snake_closets, uniq_jessica
D:4:      layout_basic, lemuel_crystal_altar, kennysheep_little_box
D:5:      layout_loops_cross, mainiacjoe_overflow_concentric_impassable,
          hellmonk_ghost_happy_afterlife, hangedman_decor_peaks_small
D:6:      layout_loops_corners, minmay_temple_entry_tees,
          gammafunk_ghost_abyssal_escape
D:7:      layout_gridville, minitemple, kennysheep_generic_room_10
D:8:      layout_loops_corners, enter_bailey_7, uniq_amaemon, uniq_erica,
          uniq_maurice
Bailey:   bailey_polearm_gnolls_kennysheep, bailey

Skill      XL: |  1  2  3  4  5  6  7  8  9 10 |
---------------+-------------------------------+-----
Axes           | 3 4 5 6 8 9 10 | 10.1
Fighting       | 4 5 6 7 8 10 11 | 11.0
Armour         | |  1.7
Dodging        | |  1.7

Action                     |  1- 3 |  4- 6 |  7- 9 | 10-12 || total
---------------------------+-------+-------+-------+-------++-------
  Melee: Hand axe          |    76 |       |       |       ||    76
         War axe           |    12 |   170 |   297 |    46 ||   525
         Punch             |       |     1 |     2 |       ||     3
         Touch             |       |       |    18 |     7 ||    25
  Throw: Javelin           |       |       |     2 |     3 ||     5
 Invoke: Berserk           |       |     3 |    10 |     3 ||    16
    Use: Scroll            |     1 |       |     7 |     2 ||    10
         Potion            |       |       |       |     4 ||     4
 Armour: Plate armour      |    44 |   120 |   196 |    28 ||   388
         Animal skin       |     3 |       |       |       ||     3
         Skin              |       |       |       |    12 ||    12
  Dodge: Dodged            |    21 |    66 |   142 |    31 ||   260

Table legend: (Time is in decaauts)
 A = Elapsed time spent in this place.
 B = Non-inter-level travel time spent in this place.
 C = Inter-level travel time spent in this place.
 D = Time resting spent in this place.
 E = Time spent auto-exploring this place.
 F = Levels seen in this place.
 G = Mean time per level.
                   A        B        C        D        E       F      G
               +--------+--------+--------+--------+--------+-----+--------+
         Total |   9348 |   8441 |    907 |   1356 |   5634 |   9 | 1038.7 |
       Dungeon |   8256 |   7349 |    907 |   1015 |   5068 |   8 | 1032.0 |
        Bailey |   1092 |   1092 |      0 |    340 |    566 |   1 | 1092.0 |
               +--------+--------+--------+--------+--------+-----+--------+

Top non-repeatable levels by time:
     D:6: 1540 daAuts
     D:3: 1285 daAuts
     D:2: 1171 daAuts
     D:1: 1101 daAuts
     D:4: 1100 daAuts
  Bailey: 1092 daAuts
     D:5: 1037 daAuts
     D:7: 705 daAuts
     D:8: 314 daAuts
